 Dungeon Crawl Stone Soup version 0.30.0-18-gc0e69614cb (webtiles) character file.

Game seed: 4863750568679320642

69979 avis the Apostle (level 15, -1/141 HPs)
             Began as a Hill Orc Fighter on May 20, 2023.
             Was a High Priest of Beogh.
             Killed by an exploding bloated husk (45 damage)
             ... on level 4 of the Swamp on May 23, 2023.
             The game lasted 03:05:45 (24400 turns).

avis the Apostle (Hill Orc Fighter)                Turns: 24400, Time: 03:05:46

Health: -1/141     AC: 35    Str: 27    XL:     15   Next: 31%
Magic:  23/28      EV: 12    Int: 19    God:    Beogh [*****.]
Gold:   1295       SH: 10    Dex: 10    Spells: 14/14 levels left

rFire   + . .        a - +1 broad axe (heavy)
rCold   + . .        T - +0 kite shield
rNeg    . . .        j - +15 Maxwell's patent armour {-Cast -Tele rElec Will+ rCorr}
rPois   .            k - +0 helmet
rElec   +            S - +0 cloak
rCorr   +            c - +2 pair of gloves "Zysteok" {Int+3 Slay+2}
SInv    .            (no boots)
Will    ++...        n - amulet of faith Stlth
                     N - +5 ring of evasion
HPRegen 0.43/turn    l - ring of Unuux {rF+ rC+ Int+8 Stlth+}
MPRegen 0.21/turn

%: no teleportation, no spellcasting, faith
@: no status effects
A: walk on water
a: Renounce Religion, Smiting, Recall Orcish Followers, Give Item to Named
Follower


You were on level 4 of the Swamp.
You worshipped Beogh.
Beogh was extremely pleased with you.
You visited 5 branches of the dungeon, and saw 23 of its levels.
You also visited: Ossuary and Volcano.

You collected 1463 gold pieces.
You spent 168 gold pieces at shops.

Inventory:

Hand Weapons
 a - a +1 heavy broad axe (weapon)
 b - a +2 morningstar
 w - a +2 morningstar of freezing
Missiles
 u - 5 boomerangs
 x - 14 curare-tipped darts
 F - 39 poisoned darts
 H - 6 javelins
 P - 2 atropa-tipped darts (quivered)
 W - 2 boomerangs of dispersal
Armour
 c - the +2 pair of gloves "Zysteok" (worn) {Int+3 Slay+2}
   (You acquired it on level 1 of the Lair of Beasts)

   Int:       It affects your intelligence (+3).
   Slay:      It affects your accuracy & damage with ranged weapons and melee
   (+2).
 g - +0 swamp dragon scales
 i - a +0 chain mail
 j - the +15 Maxwell's patent armour (worn) {-Cast -Tele rElec Will+ rCorr}
   (You acquired it on level 9 of the Dungeon)

   rElec:     It insulates you from electricity.
   -Cast:     It prevents spellcasting.
   -Tele:     It prevents most forms of teleportation.
   rCorr:     It protects you from acid and corrosion.
   Will:      It increases your willpower.
 k - a +0 helmet (worn)
 S - a +0 cloak (worn)
 T - a +0 kite shield (worn)
Jewellery
 l - the ring of Unuux (right hand) {rF+ rC+ Int+8 Stlth+}
   (You found it on level 2 of the Lair of Beasts)

   [ring of protection from cold]

   Int:       It affects your intelligence (+8).
   rF:        It protects you from fire.
   rC:        It protects you from cold.
   Stlth:     It makes you more stealthy.
 n - an amulet of faith (around neck)
 N - a +5 ring of evasion (left hand)
Wands
 o - a wand of charming (22)
 v - a wand of mindburst (20)
 y - a wand of digging (10)
 E - a wand of polymorph (6)
 M - a wand of flame (31)
 U - a wand of light (15)
Scrolls
 e - a scroll of silence
 h - 3 scrolls of poison
 m - 10 scrolls of teleportation
 q - 7 scrolls of fog
 B - 4 scrolls of fear
 K - 2 scrolls of magic mapping
 Q - 5 scrolls of blinking
Potions
 d - 5 potions of might
 f - 10 potions of flight
 p - 3 potions of invisibility
 s - 3 potions of magic
 z - 6 potions of lignification
 A - 2 potions of cancellation
 D - a potion of berserk rage
 J - 6 potions of brilliance
 O - 2 potions of haste
 R - 2 potions of curing
 V - 2 potions of heal wounds
Miscellaneous
 G - a phantom mirror


   Skills:
 - Level 15.0 Fighting
 - Level 18.0 Axes
 + Level 9.9 Armour
 + Level 9.9 Shields
 + Level 19.7 Invocations


You had 14 spell levels left.
You didn't know any spells.
Your spell library contained the following spells:

 Spells                   Type           Power      Damage    Failure   Level
 Beastly Appendage        Tmut           0%         N/A       96%         1
 Necrotise                Necr           0%         1d4       96%         1
 Cigotuvi's Dreadful Rot  Necr/Pois/Air  0%         N/A       99%         2
 Wereblood                Tmut           0%         N/A       99%         2
 Dazzling Flash           Conj/Hex       0%         N/A       100%        3
 Gell's Gravitas          Tloc           0%         N/A       100%        3
 Ignite Poison            Fire/Tmut/Pois 0%         N/A       100%        3
 Ozocubu's Armour         Ice            0%         N/A       100%        3
 Spider Form              Tmut/Pois      0%         N/A       100%        3
 Teleport Other           Tloc           0%         N/A       100%        3
 Vampiric Draining        Necr           0%         2d6       100%        3
 Vhi's Electric Charge    Tloc/Air       0%         N/A       100%        3
 Animate Dead             Necr           0%         N/A       100%        4
 Dispel Undead            Necr           0%         3d6       100%        4
 Leda's Liquefaction      Hex/Erth       0%         N/A       100%        4
 Olgreb's Toxic Radiance  Pois           0%         N/A       100%        4
 Agony                    Necr           0%         N/A       100%        5
 Arcjolt                  Conj/Air       0%         1d10      100%        5
 Borgnjor's Vile Clutch   Necr/Erth      0%         N/A       100%        5
 Freezing Cloud           Conj/Ice/Air   0%         6-21      100%        5
 Lee's Rapid Deconstruct  Erth           0%         3d4*      100%        5
 Silence                  Hex/Air        0%         N/A       100%        5
 Death Channel            Necr           0%         N/A       100%        6
 Dispersal                Tloc           0%         N/A       100%        6
 Plasma Beam              Fire/Air       0%         2x1d11    100%        6
 Statue Form              Tmut/Erth      0%         N/A       100%        6
 Haunt                    Necr/Summ      0%         N/A       100%        7
 Ozocubu's Refrigeration  Ice            0%         4d7       100%        7
 Discord                  Hex            0%         N/A       100%        8
 Ignition                 Fire           0%         3d3       100%        8
 Infestation              Necr           0%         N/A       100%        8


Dungeon Overview and Level Annotations

Branches:
Dungeon (12/15)            Temple (1/1) D:6            Lair (5/5) D:8
  Swamp (4/4) Lair:3        Snake (1/4) Lair:3        Slime (0/5) Lair:4
    Orc (0/2) D:12        Ossuary (visited)         Volcano (visited)

Altars:
Dithmenos
Elyvilon
Fedhas
Gozag
Hepliaklqana
Nemelex Xobeh
Okawaru
Qazlal
Sif Muna
Vehumet
The Shining One
Jiyva

Shops:
D:2 :   D:3 (   D:8 ?

Annotations:
D:8 3 runed translucent doors, Sanktem7's ghost, novice MiFi
D:9 1 runed translucent door, avangion's ghost, novice DECj
Temple 4 transporters


Message History

You are more poisoned.
You feel very sick.
The swamp dragon breathes poison at you.
The blast of poison engulfs you!
You are more poisoned.
You are engulfed in poison gas.
You are more poisoned.
You feel extremely sick.
The swamp dragon breathes poison at you.
The blast of poison engulfs you but does no damage.
You are more poisoned.
You are engulfed in poison gas.
You are more poisoned.
You feel extremely sick.
The swamp dragon bites you but does no damage.
The swamp dragon barely misses you.
The swamp dragon tramples you but does no damage.
You hit the swamp dragon but do no damage.
You are engulfed in poison gas.
You are lethally poisoned!
* * * LOW HITPOINT WARNING * * *
You feel extremely sick.
The swamp dragon completely misses you. x2
The swamp dragon tramples you but does no damage.
You feel better. The swamp dragon bites you.
* * * LOW HITPOINT WARNING * * *
You block the swamp dragon's attack. x2
You slash the swamp dragon!
The swamp dragon is moderately wounded.
The swamp dragon bites you but does no damage.
The swamp dragon claws you but does no damage.
The swamp dragon tramples you but does no damage.
You chop the swamp dragon into pieces!!!
You kill the swamp dragon!
Beogh accepts your kill.
A bloated husk comes into view.
A seven-headed hydra comes into view.
The seven-headed hydra roars!
The bloated husk explodes!
The blast of putrescent gases engulfs you!!!
You die...

*** ****,,,~~~~,~,~
**~***~**,,~~~~~~~,,
*~~~~~***~,,~~~,~**~
**~~~~~**~~,,,,,,**,
*~~~~**,~~,,~,~~,*~
***~~**,,,,,,~~~~,~
♣♣♣♣♣*~~♣,,,,,~<,,
♣♣~.~♣♣...,~,~~~~~~
♣.@°...D~.~~~~~~~~~ ******
♣♣.~°#####~~~,,~,~~~ **,,,,*
♣~°~##,,,***,,,,,,,, *~~~~**
♣♣♣~#,,,,,*,~,,,,,~, ****,~~~*
♣♣♣♣~.#,,,,,*,,~,,~,8,
*~,,,,,~***♣.☼.<.#,,,,,*~~,,*~,,,
~~~~~*,~~,*♣.~)~.##,,,,+,,,,*,~,,
,~~~~~~~~~*♣..~.†~#***+*,~,*,*,,,
~~~~*,~~~..~~~~..~#,~~,,,8,,*,,8,


You could see a seven-headed hydra.

Vanquished Creatures
  An eleionoma (Swamp:1)
  A dire elephant (Lair:5)
  A shambling mangrove (Swamp:3)
  A ghost crab (Swamp:4)
  Erica (Lair:1)
  3 catoblepae (Lair:5)
  An anaconda (Snake:1)
  2 hydras
  A boulder beetle (Lair:3)
  2 alligators (Swamp:3)
  A two-headed ogre (D:10)
  A naga warrior (Snake:1)
  A naga sharpshooter (Snake:1)
  A shock serpent (Snake:1)
  Sonja (Lair:1)
  A skyshark (Lair:2)
  A fire crab (Lair:4)
  3 goliath frogs
  A sea snake (Snake:1)
  5 swamp dragons
  6 bog bodies
  A death drake (Swamp:1)
  A lindwurm (Volcano)
  Pikel (D:6)
  4 will-o-the-wisps
  2 cyclopes (D:11)
  An elephant (Lair:5)
  4 naga magi (Snake:1)
  3 molten gargoyles (Volcano)
  5 black mambas
  Joseph (D:9)
  5 cane toads
  2 rime drakes (Lair:5)
  10 komodo dragons
  An unseen horror (D:12)
  3 efreet (Volcano)
  2 tyrant leeches (Swamp:1)
  2 bloated husks (Swamp:1)
  3 trolls
  5 hornets
  18 blink frogs
  3 polar bears
  5 dream sheep
  A vampire (D:10)
  3 spriggans
  3 wyverns
  2 wraiths
  22 yaks
  Eustachio (D:4)
  4 basilisks
  3 fire elementals (Volcano)
  A steam dragon (D:8)
  5 vampire mosquitoes
  9 nagas
  10 swamp worms
  An acid dragon (D:9)
  18 water moccasins
  Duvessa (D:5)
  5 black bears
  3 swamp drakes
  A sky beast (D:6)
  4 ice beasts
  Pargi (D:4)
  4 orc warriors
  6 ogres
  6 wolves
  5 centaurs
  A lemure (D:6)
  3 phantoms
  4 kobold brigands
  An elf zombie (Ossuary)
  8 bullfrogs
  9 scorpions
  2 gnoll sergeants (D:7)
  3 earth elementals (Volcano)
  13 wights
  6 killer bees
  Dowan (D:5)
  4 howler monkeys
  4 electric eels
  4 hounds
  A jelly (D:4)
  A gnoll bouda (D:8)
  8 orc priests
  Crazy Yiuf (D:5)
  3 iguanas
  10 orc wizards
  5 mummies
  9 gnolls
  12 adders
  A shadow imp (D:5)
  4 white imps
  An ufetubus (D:5)
  2 worms
  A dart slug (D:5)
  25 orcs
  A ball python (D:1)
  4 bats
  4 endoplasms
  A giant cockroach (D:1)
  10 goblins
  10 hobgoblins
  5 jackals
  7 quokkas
  A frilled lizard (D:2)
  2 gnoll zombies (Ossuary)
  A goblin zombie (Ossuary)
  2 jackal zombies (Ossuary)
  17 kobolds
  A kobold zombie (Ossuary)
  2 orc zombies (Ossuary)
  4 rats
  3 rat zombies (Ossuary)
  2 fire vortices (Volcano)
461 creatures vanquished.

Vanquished Creatures (collateral kills)
  Rupert (Lair:3)
  2 eleionomae
  A hydra (Lair:5)
  4 death yaks (Lair:5)
  A boulder beetle (D:11)
  An alligator (Swamp:3)
  A deep troll shaman (Lair:5)
  2 spriggans (Swamp:1)
  A naga sharpshooter (Snake:1)
  A skyshark (Lair:3)
  A goliath frog (Swamp:2)
  A bog body (Swamp:2)
  A swamp dragon (Swamp:2)
  Maurice (D:11)
  An elephant (Lair:5)
  2 black mambas
  3 cane toads
  A gargoyle (D:11)
  A komodo dragon (Lair:5)
  A polar bear (Lair:5)
  A tyrant leech (Swamp:3)
  3 hornets
  6 blink frogs
  A vampire (D:12)
  8 yaks
  A vampire mosquito (Swamp:3)
  Grum (D:11)
  2 nagas (Snake:1)
  4 water moccasins
  A black bear (Lair:5)
  4 wolves
  A killer bee (D:9)
  2 electric eels (Snake:1)
  A howler monkey (D:11)
  2 orcs (D:12)
  2 kobolds (D:9)
  2 butterflies (Lair:3)
70 creatures vanquished.

Vanquished Creatures (others)
  A hydra (Swamp:4)
  2 orc warriors
  A polar bear (Lair:4)
  2 bloated husks
  2 swamp drakes (Swamp:4)
  An orc priest (D:9)
  An orc wizard (D:9)
  4 orcs
  10 foxfires
24 creatures vanquished.

Grand Total: 555 creatures vanquished

Notes
Turn   | Place    | Note
-------+----------+-------------------------------------------
     0 | D:1      | avis the Hill Orc Fighter began the quest for the Orb.
     0 | D:1      | Reached XP level 1. HP: 19/19 MP: 1/1
    82 | D:1      | Reached XP level 2. HP: 27/27 MP: 2/2
   239 | D:1      | Reached XP level 3. HP: 26/33 MP: 3/3
   429 | D:1      | Found a faded altar of an unknown god.
   599 | D:2      | Found Beahoisi's Book Boutique.
   759 | D:2      | Reached XP level 4. HP: 40/40 MP: 4/4
   876 | D:2      | Reached skill level 5 in Axes
  1775 | D:3      | Found Ukkusch's Weapon Emporium.
  1922 | D:4      | Noticed Pargi
  1935 | D:3      | Reached XP level 5. HP: 24/46 MP: 5/5
  2336 | D:3      | Reached XP level 6. HP: 47/52 MP: 6/6
  2379 | D:4      | Noticed Eustachio
  2392 | D:4      | Killed Eustachio
  2588 | D:4      | Reached XP level 7. HP: 48/59 MP: 7/7
  2753 | D:4      | Killed Pargi
  2949 | D:5      | Entered Level 5 of the Dungeon
  2959 | D:5      | Reached skill level 10 in Axes
  3159 | D:5      | Reached XP level 8. HP: 33/66 MP: 8/8
  3184 | D:5      | HP: 3/66 [orc warrior/+0 long sword (14)]
  3214 | D:5      | Found a sand-covered staircase.
  3231 | Ossuary  | Entered an ossuary
  3596 | D:5      | Noticed Duvessa
  3596 | D:5      | Noticed Dowan
  3609 | D:5      | Killed Duvessa
  3610 | D:5      | Killed Dowan
  3620 | D:5      | Reached XP level 9. HP: 31/71 MP: 9/9
  3959 | D:5      | Reached skill level 5 in Fighting
  4093 | D:5      | Found a hazy altar of Hepliaklqana.
  4444 | D:5      | Found a runed translucent door.
  4445 | D:5      | Noticed Crazy Yiuf
  4456 | D:5      | Killed Crazy Yiuf
  4759 | D:6      | Found a stormy altar of Qazlal.
  4905 | D:5      | Became a worshipper of Beogh the Brigand
  5233 | D:6      | Found a staircase to the Ecumenical Temple.
  5314 | D:5      | Reached skill level 15 in Axes
  5492 | Temple   | Entered the Ecumenical Temple
  5492 | Temple   | Found a transporter.
  5492 | Temple   | Found a transporter.
  5614 | D:6      | Reached * piety under Beogh
  5620 | D:6      | Reached XP level 10. HP: 29/91 MP: 10/10
  6291 | D:7      | Noticed Pikel
  6319 | D:6      | Killed Pikel
  6320 | D:6      | Reached skill level 10 in Fighting
  6992 | D:7      | Reached ** piety under Beogh
  7507 | D:8      | Found a staircase to the Lair.
  7514 | D:8      | Reached skill level 2 in Invocations
  7523 | D:8      | Reached skill level 3 in Invocations
  7524 | D:8      | HP: 2/94 [komodo dragon (18)]
  7537 | D:8      | Reached skill level 4 in Invocations
  7562 | D:8      | Reached skill level 5 in Invocations
  7872 | D:8      | Reached skill level 6 in Invocations
  7874 | D:8      | Reached XP level 11. HP: 75/102 MP: 14/16
  7996 | D:8      | Reached skill level 7 in Invocations
  8105 | D:8      | Found a runed translucent gate.
  8105 | D:8      | Found a runed translucent gate.
  8105 | D:8      | Found a runed translucent gate.
  8106 | D:8      | Found an opulent altar of Gozag.
  8107 | D:8      | Noticed Sanktem7's ghost (novice MiFi)
  8107 | D:8      | Noticed a purple ugly thing
  8122 | D:8      | Found a shimmering blue altar of Sif Muna.
  8183 | D:8      | Found Ifoibu's Magic Scroll Shop.
  8192 | D:8      | Bought 2 scrolls of identify for 48 gold pieces
  8192 | D:8      | Bought a scroll of identify for 24 gold pieces
  8192 | D:8      | Bought a scroll of identify for 24 gold pieces
  8192 | D:8      | Bought a scroll of identify for 24 gold pieces
  8192 | D:8      | Bought a scroll of identify for 24 gold pieces
  8192 | D:8      | Bought a scroll of identify for 24 gold pieces
  8317 | D:8      | Reached skill level 8 in Invocations
  8424 | Lair:1   | Entered Level 1 of the Lair of Beasts
  8944 | D:8      | Reached skill level 9 in Invocations
  9447 | Lair:1   | Reached *** piety under Beogh
  9453 | Lair:1   | Reached skill level 10 in Invocations
  9647 | Lair:1   | Noticed Sonja
  9657 | Lair:1   | Killed Sonja
  9991 | Lair:1   | Noticed Erica
 10020 | Lair:1   | Killed Erica
 10021 | Lair:1   | Reached skill level 11 in Invocations
 10380 | Temple   | Found a transporter.
 10380 | Temple   | Found a transporter.
 10741 | D:9      | Noticed Joseph
 10767 | D:9      | HP: 2/106 [something (11)]
 10771 | D:9      | Killed Joseph
 11118 | D:9      | Found an opulent altar of Gozag.
 11141 | D:9      | Found a white marble altar of Elyvilon.
 11864 | D:9      | Found a runed translucent door.
 11865 | D:9      | Noticed avangion's ghost (novice DECj)
 12231 | Lair:1   | Identified a scroll of acquirement
 12235 | Lair:1   | Acquired the +2 pair of gloves "Zysteok" {Int+3 Slay+2}
 12311 | D:10     | Entered Level 10 of the Dungeon
 12318 | D:10     | Noticed a two-headed ogre
 12350 | D:9      | Reached skill level 12 in Invocations
 12388 | D:9      | Acquired the +15 Maxwell's patent armour {-Cast -Tele rElec
                  | Will+ rCorr}
 12388 | D:9      | Found the +15 Maxwell's patent armour {-Cast -Tele rElec
                  | Will+ rCorr}
 12400 | D:9      | Acquired a +2 heavy executioner's axe
 12402 | D:9      | Acquired a +1 heavy broad axe
 12413 | D:10     | Killed a two-headed ogre
 12414 | D:10     | Reached XP level 12. HP: 115/115 MP: 21/21
 12924 | D:10     | Reached **** piety under Beogh
 13635 | Lair:2   | Identified the ring of Unuux {rF+ rC+ Int+8 Stlth+}
 13702 | Lair:2   | Noticed a skyshark
 13706 | Lair:2   | Killed a skyshark
 13707 | Lair:2   | Reached skill level 13 in Invocations
 14021 | Lair:2   | Gained Berold as an ally
 14420 | Lair:3   | Noticed Rupert
 14434 | Lair:3   | Killed Rupert
 14656 | Lair:3   | Noticed a skyshark
 14661 | Lair:3   | Killed a skyshark
 14677 | Lair:3   | Found a staircase to the Swamp.
 14858 | Lair:3   | Reached XP level 13. HP: 125/125 MP: 23/23
 14886 | Lair:3   | Reached skill level 14 in Invocations
 15118 | Lair:3   | Found a staircase to the Snake Pit.
 15128 | Lair:3   | Reached skill level 15 in Fighting
 15324 | Lair:3   | You fall into a shaft and drop 2 floors!
 15324 | Lair:5   | Entered Level 5 of the Lair of Beasts
 15340 | Lair:5   | Reached skill level 15 in Invocations
 15409 | Lair:5   | Found a dark tunnel.
 15429 | Volcano  | Entered a volcano
 15466 | Volcano  | Reached skill level 16 in Invocations
 16207 | Lair:4   | Reached ***** piety under Beogh
 16208 | Lair:4   | Reached skill level 17 in Invocations
 16473 | Lair:4   | Found a viscous altar of Jiyva.
 16473 | Lair:4   | Found a staircase to the Slime Pits.
 16939 | Lair:5   | Reached skill level 5 in Armour
 16939 | Lair:5   | Reached skill level 5 in Shields
 16958 | Lair:5   | Reached XP level 14. HP: 93/135 MP: 26/26
 16961 | Lair:5   | Noticed a dire elephant
 16969 | Lair:5   | Killed a dire elephant
 17139 | Lair:5   | Identified the staff of earth "Jujebao" {rPois}
 17809 | Lair:1   | Upgraded the game from 0.30.0-16-gbe6223bb7e to
                  | 0.30.0-17-ge0270778cf
 17939 | D:11     | Noticed Grum
 17943 | D:11     | Killed Grum
 18171 | D:11     | Reached skill level 18 in Invocations
 18228 | D:11     | Noticed Maurice
 18235 | D:11     | Killed Maurice
 18611 | D:12     | Found a staircase to the Orcish Mines.
 18860 | Snake:1  | Entered Level 1 of the Snake Pit
 19179 | Snake:1  | Gained Dorog as an ally
 19575 | Snake:1  | Reached ****** piety under Beogh
 19587 | Snake:1  | HP: 6/135 [constriction (4)]
 20750 | Swamp:1  | Entered Level 1 of the Swamp
 20763 | Swamp:1  | Gained Arbeogh as an ally
 20772 | Swamp:1  | Identified the +1 scale mail of the Marlin {Rampage Regen+
                  | Int+2}
 21399 | Swamp:1  | Noticed an eleionoma
 21410 | Swamp:1  | Killed an eleionoma
 21945 | Swamp:2  | Upgraded the game from 0.30.0-17-ge0270778cf to
                  | 0.30.0-18-gc0e69614cb
 21985 | Swamp:2  | Noticed an eleionoma
 21988 | Swamp:2  | Killed an eleionoma
 21989 | Swamp:2  | Reached skill level 19 in Invocations
 22441 | Swamp:2  | Identified the +0 scale mail of Kihicui {Fly rN+ MP-9}
 23206 | Swamp:3  | Reached XP level 15. HP: 98/141 MP: 28/28
 23679 | Swamp:3  | Gained Bogwik as an ally
 24095 | Swamp:4  | Entered Level 4 of the Swamp
 24400 | Swamp:4  | Killed by an exploding bloated husk

Illustrated notes

Levels and vault maps discovered:
D:1:      mrwooster_arrival_arrow, layout_rooms,
          hellmonk_ecumenical_altar_dog_temple
D:2:      layout_basic, serial_shops, shop
D:3:      layout_rooms, serial_shops, nicolae_square_shop
D:4:      layout_cave_pools, uniq_pargi, uniq_eustachio
D:5:      cheibrodos_fzero, layout_gridville, nzn_hepliaklqana_mist_gate,
          gup_ossuary_entry_pyramid, uniq_crazy_yiuf_cottage, uniq_duvessa
D:6:      layout_rooms, nicolae_qazlal_general_emergency,
          minmay_temple_entry_proselytizer, kb_lookout_dungeons_type
D:7:      layout_loops_ring, uniq_pikel
D:8:      layout_loops_ring, nicolae_sif_muna_little_library,
          due_lair_maze_entry_diamond, ebering_ghost_gozag, serial_shops,
          nicolae_shop_tiny_statue_garden, dreamdust_gnoll_shepherd
D:9:      layout_stronghold, lemuel_doored_altar, elyvilon_altar_1,
          ebering_ghost_inner_flame, minmay_misc_feat_enclosed,
          kennysheep_generic_room_14, uniq_joseph
D:10:     layout_basic, minmay_quadrilaterals
D:11:     layout_rooms, uniq_maurice, uniq_grum
D:12:     layout_irregular_city, hiddenorc1_lemuel
Temple:   hellmonk_temple_divided_pantheon
Lair:1:   layout_misc_corridors, grunt_megastairs_3, uniq_sonja, uniq_erica
Lair:2:   layout_regular_city
Lair:3:   layout_regular_city, skrybe_swamp_entry_bodies,
          guppyfry_snake_entry_garden, infiniplex_staircase_pool,
          lemuel_fruit_fields, uniq_rupert
Lair:4:   layout_loops_ring, dpeg_slime_entry_enclosed, nzn_sisyphean_effort
Lair:5:   grunt_lair_end_beastmaster, layout_loops_ring,
          nicolae_volcano_entry_s_turn, st_stairs_6
Swamp:1:  layout_basic_swamp, nicolae_swamp_big_swirl, swamp_pool3
Swamp:2:  layout_basic_swamp, nicolae_swamp_ascending_descending
Swamp:3:  layout_basic_swamp, nicolae_swamp_bean_lake
Swamp:4:  grunt_swamp_rune_castle, layout_basic_swamp, swamp_pool3,
          nicolae_swamp_little_swirl
Snake:1:  layout_chambers, serial_bayou_shore_a, serial_bayou_shore_b

Skill      XL: |  1  2  3  4  5  6  7  8  9 10 11 12 13 14 15 |
---------------+----------------------------------------------+-----
Axes           | 3 4 6 7 9 11 14 15 16 18 | 18.0
Fighting       | 4 9 11 13 14 15 | 15.0
Invocations    | 6 12 13 17 19 | 19.7
Armour         | 5 9 |  9.9
Shields        | 5 8 9 |  9.9

Action                     |  1- 3 |  4- 6 |  7- 9 | 10-12 | 13-15 || total
---------------------------+-------+-------+-------+-------+-------++-------
  Melee: War axe           |    73 |   117 |   328 |   480 |       ||   998
         Broad axe         |       |       |       |   121 |   386 ||   507
         Scimitar          |       |       |       |       |    10 ||    10
         Morningstar       |       |       |       |       |    11 ||    11
  Throw: Dart              |       |     3 |     9 |    60 |       ||    72
         Boomerang         |       |       |     4 |     1 |       ||     5
         Throwing net      |       |       |       |     1 |       ||     1
 Invoke: Convert to Beogh  |       |       |     1 |       |       ||     1
         Smiting           |       |       |       |     5 |    10 ||    15
         Recall Orcish Fol |       |       |       |       |    12 ||    12
         Give Item to Name |       |       |       |       |     3 ||     3
         Stop Recall       |       |       |       |       |     5 ||     5
         Resurrection      |       |       |       |       |     1 ||     1
  Evoke: Wand              |       |       |       |     1 |    13 ||    14
    Use: Scroll            |       |     5 |     4 |    22 |     5 ||    36
         Potion            |       |       |     5 |     8 |     4 ||    17
   Stab: Held in net/web   |       |       |       |     3 |       ||     3
         Petrified         |       |       |       |       |     3 ||     3
         Distracted        |       |       |       |       |     7 ||     7
         Petrifying        |       |       |       |       |     1 ||     1
 Armour: Scale mail        |    24 |    62 |    63 |       |       ||   149
         Plate armour      |       |       |    41 |   186 |   341 ||   568
  Dodge: Dodged            |    27 |    72 |   182 |   250 |   229 ||   760
  Block: Buckler           |    20 |    29 |    62 |    16 |       ||   127
         Kite shield       |       |       |       |   153 |   199 ||   352
